Map: Old Sun Temple LE

Players

Halo - Winner!

  • Race: Zerg Zerg

A.I. 1 (Very Hard)

  • Race: Terran Terran

VOD

Have the link to the VOD?

Description

Time

  • Played on: Aug. 3, 2026, 3:44 p.m.
  • Length: 10:30
Show
View Real Time Build Order
Export as new Build Order

Halo Zerg - Winner!

Build Orders: Hatch First 

Get SALT Encoding   

  8  0:00  Drone  
  9  0:12  Drone  
  10  0:16  Drone  
  11  0:22  Drone  
  12  0:28  Extractor  
  12  0:31  Drone  
  13  0:40  Overlord  
  13  0:59  Drone x2  
  15  1:14  Hatchery  
  14  1:18  Drone  
  14  1:21  Drone  
  16  1:39  Spawning Pool  
  15  1:42  Drone  
  15  1:43  Extractor  
  15  1:46  Drone  
  16  1:49  Drone  
  16  1:53  Drone  
  18  2:02  Drone  
  19  2:12  Overlord  
  19  2:31  Drone x2  
  21  2:37  Zergling x4  
  21  2:41  Queen x2  
  27  2:45  Drone  
  27  2:47  Drone  
  29  2:53  Drone  
  29  2:56  Drone  
  31  3:12  Hatchery  
  30  3:21  Drone x2  
  30  3:24  Overlord  
  32  3:42  Queen  
  32  3:47  Overlord  
  34  3:52  Drone x6  
  40  4:04  Metabolic Boost  
  40  4:17  Spore Crawler  
  39  4:20  Spore Crawler  
  39  4:21  Drone x2  
  39  4:22  Spore Crawler, Drone  
  40  4:37  Spore Crawler  
  40  4:38  Spore Crawler  
  38  4:39  Spore Crawler  
  38  4:40  Drone x5  
  38  4:41  Drone x2  
  44  4:46  Overlord  
  44  4:52  Overlord  
  44  4:57  Extractor  
  44  4:59  Drone  
  44  5:00  Baneling Nest  
  44  5:03  Drone  
  44  5:18  Drone x2  
  44  5:21  Drone x10  
  56  5:29  Lair  
  56  5:30  Drone x2  
  56  5:31  Evolution Chamber  
  56  5:32  Evolution Chamber  
  56  5:38  Drone  
  56  5:39  Drone x2  
  56  5:40  Drone  
  60  5:43  Overlord x2  
  60  6:01  Zerg Melee Weapons Level 1, Zerg Ground Armor Level 1  
  60  6:08  Overlord x2  
  60  6:12  Zergling x6  
  60  6:13  Zergling x8  
  67  6:21  Drone x2  
  69  6:34  Drone x2  
  69  6:37  Overlord x2  
  69  6:39  Zergling x12  
  77  6:44  Hatchery  
  76  7:00  Zergling x30, Hatchery  
  90  7:09  Spore Crawler x2  
  90  7:10  Drone x2  
  90  7:11  Drone, Spore Crawler  
  90  7:20  Zergling x2  
  91  7:33  Baneling x23  
  91  7:34  Baneling  
  91  7:36  Centrifugal Hooks  
  91  7:37  Zergling x10  
  96  7:55  Drone x12  
  96  7:57  Queen  
  110  7:58  Drone x2  
  112  8:09  Roach Warren  
  111  8:15  Drone x2  
  111  8:16  Drone  
  111  8:18  Hatchery  
  111  8:19  Hatchery  
  112  8:20  Zergling x6  
  112  8:21  Zergling x2  
  112  8:23  Overlord x2  
  112  8:24  Overlord  
  116  8:41  Queen  
  116  8:44  Drone x2  
  116  8:47  Overlord x4  
  120  8:50  Zergling x2  
  120  8:51  Zergling x34  
  115  9:14  Zergling x2  
  115  9:15  Zergling x38  
  125  9:26  Drone x6  
  128  9:44  Zergling x24  
  132  10:01  Zergling x2  
  132  10:02  Zergling x44  
  153  10:17  Drone  
  153  10:19  Extractor  
Show
View Real Time Build Order
Export as new Build Order

A.I. 1 (Very Hard) Terran 

Build Orders:  

Get SALT Encoding   

  8  0:00  SCV  
  9  0:13  SCV  
  10  0:25  SCV  
  11  0:37  SCV  
  12  0:46  Supply Depot  
  12  0:49  SCV  
  13  0:58  Refinery  
  13  1:07  SCV  
  14  1:19  Barracks, SCV  
  15  1:31  SCV  
  16  1:44  SCV  
  17  1:56  SCV  
  18  2:05  Marine  
  18  2:07  Factory  
  18  2:08  SCV  
  20  2:18  Supply Depot  
  20  2:20  Orbital Command  
  20  2:32  Barracks  
  20  2:34  Marine  
  21  2:45  SCV  
  22  2:52  Hellion  
  22  2:53  Barracks Tech Lab  
  22  2:57  SCV  
  25  3:04  Supply Depot  
  25  3:11  Marauder  
  27  3:13  Concussive Shells  
  27  3:17  Hellion  
  27  3:18  Barracks Tech Lab  
  29  3:27  SCV  
  29  3:33  Marauder  
  32  3:37  Marauder  
  32  3:38  Refinery  
  32  3:39  SCV  
  35  3:53  Starport, SCV, Marine  
  37  3:58  Supply Depot  
  37  4:20  Marine x2, SCV  
  40  4:28  Stimpack  
  40  4:31  Medivac  
  42  4:32  SCV  
  42  4:38  Marine x2  
  45  4:39  Supply Depot  
  45  5:00  Marine x2  
  45  5:01  SCV  
  45  5:03  Supply Depot  
  48  5:08  Medivac  
  48  5:11  Barracks  
  50  5:16  SCV  
  50  5:18  Marine  
  50  5:19  Marauder  
  53  5:26  Command Center  
  53  5:37  Marauder  
  53  5:40  Marine  
  56  5:43  Supply Depot  
  56  5:56  Engineering Bay  
  56  5:57  Marine  
  56  5:58  Barracks Reactor, Marauder  
  59  6:13  Combat Shield  
  59  6:16  Marauder  
  61  6:19  Marine  
  61  6:23  Terran Infantry Weapons Level 1  
  62  6:26  Supply Depot  
  62  6:37  Marine, Marauder  
  62  6:39  Engineering Bay  
  65  6:41  SCV  
  65  6:43  SCV  
  67  6:53  SCV  
  68  6:55  Marauder  
  68  6:56  SCV  
  71  7:01  Hellion  
  71  7:05  SCV, Terran Infantry Armor Level 1  
  71  7:08  SCV  
  75  7:17  SCV  
  77  7:22  SCV  
  77  7:23  Hellion, Supply Depot  
  77  7:29  SCV  
  80  7:35  Marauder, SCV, Marine  
  84  7:39  Marine  
  84  7:41  SCV  
  88  7:44  Hellion  
  88  7:47  SCV  
  88  7:49  Supply Depot  
  89  7:53  SCV  
  89  7:54  Marauder  
  89  7:56  Marauder  
  94  7:59  SCV  
  97  8:05  SCV  
  97  8:06  Hellion, Missile Turret  
  97  8:11  Orbital Command, Armory  
  98  8:18  Supply Depot, SCV  
  101  8:27  Hellion  
  101  8:30  SCV  
  101  8:31  Armory  
  101  8:32  Missile Turret  
  102  8:39  Barracks, Starport Reactor  
  102  8:43  Supply Depot  
  102  8:47  Marine  
  103  8:48  Marine  
  103  8:50  Marine  
  103  8:52  Marine  
  106  9:01  Hellion  
  108  9:04  Marine  
  108  9:06  Marine  
  108  9:08  Marine  
  84  9:10  Marine  
  84  9:15  Viking, Medivac  
  64  9:22  Marine  
  64  9:23  Hellion  
  65  9:24  Marauder  
  65  9:25  Marine x2  
  65  9:27  Marine  
  64  9:40  Marine  
  64  9:43  Marine x2  
  64  9:44  Hellion, SCV  
  64  9:45  Medivac, Marine  
  65  9:46  Marauder  
  51  9:58  Marauder  
  46  10:01  Marine x2  
  46  10:05  Hellion  
  46  10:06  Hellion  
  41  10:07  Marauder  
  29  10:17  SCV  
Tags
 
Add a new tag
Caveats
  • Supply blocks, unpowered buildings, or Contaminate may cause inaccurate times.
  • Supply counts are checked every 10 seconds.